 Dungeon Crawl Stone Soup version 0.26-a0-455-g0958c023ba (webtiles) character file.

Game seed: 13690295794815420856

2 twist the Magician (level 1, 0/13 HPs)
             Began as a Palentonga Hedge Wizard on July 28, 2020.
             Slain by a goblin
             ... wielding a +0 club
              (5 damage)
             ... on level 1 of the Dungeon.
             The game lasted 00:00:22 (15 turns).

twist the Magician (Palentonga Hedge Wizard)          Turns: 15, Time: 00:00:22

Health: 0/13       AC:  4    Str: 13    XL:     1   Next: 33%
Magic:  0/4        EV: 10    Int: 14    God:
Gold:   0          SH:  0    Dex:  9    Spells: 5/6 levels left

rFire    . . .     SeeInvis +   a - +0 dagger
rCold    . . .     Faith    .   (no shield)
rNeg     . . .     Spirit   .   b - +0 robe
rPois    .         Reflect  .   c - +0 hat
rElec    .         Harm     .   (no cloak)
rCorr    .                      (no gloves)
MR       .....                  (boots restricted)
Stlth    +.........             (no amulet)
HPRegen  0.04/turn              (no ring)
MPRegen  0.09/turn              (no ring)

@: no status effects
A: large, rugged brown scales 3, see invisible, deformed body, roll, armoured
tail
a: Rolling Charge


You were on level 1 of the Dungeon.
You visited 1 branch of the dungeon, and saw 1 of its levels.

Inventory:

Hand Weapons
 a - a +0 dagger (weapon)
Armour
 b - a +0 robe (worn)
 c - a +0 hat (worn)


   Skills:
 + Level 1.6 Dodging
 + Level 1.3 Stealth
 + Level 3.0 Spellcasting
 + Level 1.0 Conjurations
   Level 0.7 Summonings
   Level 1.0 Translocations


You had 5 spell levels left.
You knew the following spells:

 Your Spells              Type           Power        Failure   Level
a - Magic Dart            Conj           #...         14%         1

Your spell library contained the following spells:

 Spells                   Type           Power        Failure   Level
 Blink                    Tloc           N/A          22%         2
 Call Imp                 Summ           #.......     24%         2
 Slow                     Hex            #.......     32%         2
 Conjure Flame            Conj/Fire      #.......     45%         3
 Mephitic Cloud           Conj/Pois/Air  #.......     50%         3


Dungeon Overview and Level Annotations

Branches:
Dungeon (1/15)

Altars:


Innate Abilities, Weirdness & Mutations

You are completely covered in rugged brown scales. (AC +3, +7% HP)
You have supernaturally acute eyesight. (SInv)
Armour fits poorly on your strangely shaped body.
You can roll at foes to attack.
You have a long armoured tail.


Message History

Confirm with . or Enter, or press ? or * to list all spells.
You don't have enough magic to cast that spell.
Casting: Magic Dart (safe; 16% risk of failure)
Confirm with . or Enter, or press ? or * to list all spells.
You don't have enough magic to cast that spell.
Casting: Magic Dart (safe; 16% risk of failure)
Confirm with . or Enter, or press ? or * to list all spells.
You don't have enough magic to cast that spell.
Unknown command.
You hit the dart slug.
The dart slug is almost dead.
The goblin barely misses you. The dart slug launches a dart at you.
The slug dart misses you.
You hit the dart slug.
You kill the dart slug!
Your Conjurations skill increases to level 1!
The goblin hits you with a +0 club. The goblin hits you with a +0 club.
You die...

###########
###.........##
......##.##..#####
#...........g..#
##.#[<......@..#
#..#######...#
#..##...##...#
#..#.### #...#
....#.# .....
.#..# + ..####
..#..# ..# . #..#
...


You could see a goblin.

Vanquished Creatures
  A dart slug (D:1)
1 creature vanquished.

Notes
Turn   | Place    | Note
-------+----------+-------------------------------------------
     0 | D:1      | twist the Palentonga Hedge Wizard began the quest for the
                  | Orb.
     0 | D:1      | Reached XP level 1. HP: 13/13 MP: 4/4
    14 | D:1      | Reached skill level 1 in Conjurations
    15 | D:1      | Slain by a goblin

Illustrated notes

Levels and vault maps discovered:
D:1:      minmay_arrival_stone_box, layout_loops_corners, moated_statue,
          amethyst_killhole

Skill      XL: |  1 |
---------------+----+-----
Conjurations   | 1 |  1.0
Dodging        | |  1.6
Stealth        | |  1.3
Spellcasting   | |  3.0
Summonings     | |  0.7
Translocations | |  1.0

Action                   || total
-------------------------++-------
Melee: Dagger            ||     3
 Cast: Magic Dart        ||     4
Armor: Robe              ||     1
Dodge: Dodged            ||     3

Table legend: (Time is in decaauts)
 A = Elapsed time spent in this place.
 B = Non-inter-level travel time spent in this place.
 C = Inter-level travel time spent in this place.
 D = Time resting spent in this place.
 E = Time spent auto-exploring this place.
 F = Levels seen in this place.
 G = Mean time per level.
                   A        B        C        D        E       F      G
               +--------+--------+--------+--------+--------+-----+--------+
         Total |     15 |     15 |      0 |      0 |      2 |   1 |   15.0 |
       Dungeon |     15 |     15 |      0 |      0 |      2 |   1 |   15.0 |
               +--------+--------+--------+--------+--------+-----+--------+

Top non-repeatable levels by time:
     D:1: 15 daAuts
